Map: Lerilak Crest

Players

LiquidMaNa (MaNa)

  • Race: Protoss Protoss
  • League: Grandmaster

MarineLorD - Winner!

  • Race: Terran Terran
  • League: Platinum

Event: NationWars III

VOD

Have the link to the VOD?

Description

Time

  • Played on: Dec. 5, 2015, 3:15 p.m.
  • Length: 14:55
Show
View Real Time Build Order
Export as new Build Order

LiquidMaNa Protoss 

Build Orders: 1 Gate Expand, Blink Stalkers 

Get SALT Encoding   

  12  0:00  Probe (Chrono Boost)  
  13  0:11  Probe (Chrono Boost)  
  14  0:18  Pylon  
  14  0:21  Probe (Chrono Boost)  
  15  0:36  Probe (Chrono Boost), Gateway  
  16  0:46  Probe (Chrono Boost)  
  17  1:06  Nexus  
  17  1:09  Probe (Chrono Boost)  
  18  1:14  Assimilator  
  18  1:19  Probe (Chrono Boost)  
  19  1:27  Cybernetics Core  
  19  1:30  Probe (Chrono Boost)  
  20  1:36  Assimilator  
  20  1:41  Probe (Chrono Boost)  
  20  1:46  Pylon  
  21  1:51  Probe (Chrono Boost)  
  22  2:01  Probe (Chrono Boost)  
  22  2:04  Stalker (Chrono Boost)  
  25  2:10  Warp Gate  
  25  2:13  Probe  
  26  2:17  Probe (Chrono Boost)  
  27  2:25  Probe (Chrono Boost)  
  27  2:29  Probe (Chrono Boost), Twilight Council  
  29  2:36  Probe (Chrono Boost)  
  30  2:39  Probe (Chrono Boost)  
  30  2:43  Stalker  
  33  2:47  Probe (Chrono Boost)  
  33  2:50  Probe (Chrono Boost)  
  35  2:53  Assimilator  
  35  2:57  Probe (Chrono Boost)  
  36  3:00  Probe (Chrono Boost)  
  37  3:06  Blink (Chrono Boost)  
  37  3:09  Probe x2  
  39  3:20  Robotics Facility  
  39  3:21  Probe x2  
  41  3:31  Mothership Core, Pylon  
  43  3:36  Probe  
  44  3:45  Pylon  
  44  3:48  Probe  
  45  3:50  Probe  
  46  3:57  Gateway  
  46  3:58  Gateway  
  46  4:00  Probe  
  46  4:01  Probe  
  47  4:07  Observer  
  47  4:09  Assimilator  
  49  4:12  Pylon  
  49  4:14  Stalker, Probe  
  49  4:15  Probe  
  53  4:24  Probe  
  53  4:28  Probe  
  53  4:29  Observer  
  56  4:35  Probe  
  57  4:38  Stalker  
  57  4:40  Probe  
  57  4:45  Pylon  
  60  4:50  Observer  
  61  4:53  Stalker  
  61  4:54  Stalker  
  65  5:00  Probe, Pylon  
  65  5:02  Probe  
  65  5:06  Forge  
  67  5:07  Forge  
  67  5:08  Resonating Glaives (Chrono Boost)  
  67  5:13  Probe, Observer  
  68  5:15  Sentry, Probe  
  71  5:34  Stalker x2, Observer  
  76  5:38  Nexus, Protoss Ground Weapons Level 1 (Chrono Boost)  
  76  5:40  Pylon  
  76  5:43  Protoss Ground Armor Level 1 (Chrono Boost)  
  76  5:47  Gateway  
  76  5:48  Gateway  
  74  5:59  Stalker x2  
  74  6:00  Stalker  
  80  6:07  Pylon  
  80  6:09  Immortal  
  84  6:20  Gateway  
  84  6:21  Gateway  
  84  6:23  Sentry  
  84  6:24  Sentry x2  
  90  6:28  Probe x2  
  92  6:43  Assimilator  
  92  6:48  Immortal (Chrono Boost)  
  94  6:57  Probe  
  94  6:58  Probe x2  
  94  7:00  Assimilator  
  96  7:09  Pylon, Robotics Bay  
  96  7:12  Photon Cannon  
  96  7:13  Photon Cannon x2  
  96  7:22  Protoss Ground Weapons Level 2 (Chrono Boost)  
  96  7:23  Immortal (Chrono Boost)  
  96  7:26  Adept x2  
  104  7:33  Protoss Ground Armor Level 2 (Chrono Boost)  
  104  7:39  Charge  
  103  7:46  Probe, Pylon  
  103  7:47  Pylon  
  104  7:57  Disruptor (Chrono Boost)  
  107  7:59  Adept x2  
  107  8:00  Adept  
  107  8:01  Adept  
  115  8:14  Adept x3  
  115  8:18  Probe  
  115  8:19  Probe x2  
  123  8:26  Pylon  
  123  8:27  Disruptor (Chrono Boost), Pylon  
  123  8:32  Pylon  
  126  8:37  Probe x2  
  128  8:42  Photon Cannon  
  128  8:46  Adept x3  
  128  8:47  Adept  
  136  8:54  Disruptor  
  136  8:57  Stalker x2  
  143  9:12  Nexus  
  143  9:14  Pylon  
  143  9:19  Robotics Facility  
  143  9:28  Disruptor  
  142  9:35  Zealot x3  
  142  9:36  Zealot x3  
  157  9:47  Dark Shrine  
  157  9:50  Stalker  
  159  9:56  Stalker  
  159  9:57  Stalker x4  
  169  10:08  Zealot  
  171  10:18  Warp Prism  
  171  10:19  Disruptor  
  173  10:24  Protoss Ground Weapons Level 3 (Chrono Boost)  
  173  10:25  Protoss Ground Armor Level 3 (Chrono Boost)  
  122  10:48  Adept  
  122  10:49  Adept x4  
  132  10:50  Immortal  
  132  10:54  Immortal  
  132  10:55  Templar Archives  
  140  11:27  Zealot x5  
  140  11:28  Zealot  
  140  11:29  Adept  
  140  11:30  Gateway  
  140  11:31  Gateway  
  152  11:50  Dark Templar x2, Adept  
  152  11:51  Zealot x4  
  137  12:13  Dark Templar x2  
  137  12:14  Dark Templar x2  
  115  12:30  Disruptor (Chrono Boost)  
  115  12:31  Disruptor (Chrono Boost)  
  79  12:39  Stalker x3  
  79  12:40  Archon  
  79  12:41  Archon  
  83  12:46  Zealot x2  
  83  12:47  Zealot x2  
  79  13:05  Sentry  
  79  13:06  Sentry, High Templar x3  
  79  13:07  High Templar  
  79  13:08  Immortal x2 (Chrono Boost)  
  79  13:10  Archon  
  79  13:11  Archon  
  97  13:13  Assimilator  
  97  13:18  Assimilator  
  97  13:24  Stalker  
  97  13:25  Stalker  
  101  13:29  Stalker  
  101  13:33  Stalker  
  105  13:40  Dark Templar  
  107  13:42  Observer (Chrono Boost)  
  100  13:57  Zealot x3  
  100  13:58  Zealot  
  72  14:06  Dark Templar  
  72  14:09  Dark Templar  
  62  14:21  Dark Templar  
  58  14:34  Dark Templar  
Show
View Real Time Build Order
Export as new Build Order

MarineLorD Terran - Winner!

Build Orders: Bio Tank, MMM Bio 

Get SALT Encoding   

  12  0:00  SCV  
  13  0:12  SCV  
  14  0:17  Supply Depot  
  14  0:24  SCV  
  15  0:39  SCV  
  15  0:40  Barracks  
  16  0:45  Refinery  
  16  0:51  SCV  
  17  1:03  SCV  
  18  1:15  SCV  
  19  1:27  Orbital Command  
  20  1:34  Barracks Reactor  
  19  1:42  Command Center  
  19  1:50  Supply Depot  
  19  1:54  SCV  
  20  2:06  SCV  
  21  2:10  Factory  
  21  2:12  Marine x2  
  23  2:18  SCV  
  24  2:30  SCV, Marine x2  
  27  2:42  SCV  
  28  2:45  Bunker  
  28  2:48  Marine x2  
  30  2:54  Factory Tech Lab, Orbital Command  
  30  2:55  SCV  
  31  3:06  Marine x2  
  31  3:07  SCV  
  34  3:14  Siege Tank  
  34  3:19  SCV x2  
  39  3:24  Marine x2  
  41  3:31  SCV x2  
  43  3:37  Command Center  
  43  3:41  Supply Depot  
  43  3:50  SCV x2  
  45  3:59  Supply Depot  
  45  4:00  Marine  
  45  4:01  Supply Depot  
  45  4:02  SCV x2, Cyclone, Marine  
  52  4:06  Refinery  
  52  4:14  SCV  
  54  4:17  SCV  
  54  4:20  Supply Depot  
  54  4:21  Marine x2  
  56  4:26  SCV  
  56  4:29  SCV  
  58  4:37  Barracks  
  58  4:38  SCV  
  58  4:39  Siege Tank, Barracks  
  58  4:41  SCV  
  63  4:47  Refinery x2  
  63  4:52  Orbital Command  
  63  4:54  SCV  
  63  4:55  SCV  
  63  4:57  Marine x2  
  66  5:06  SCV  
  67  5:07  SCV  
  67  5:11  Engineering Bay  
  67  5:12  Engineering Bay  
  68  5:15  Siege Tank  
  68  5:18  SCV  
  68  5:19  SCV  
  73  5:27  Marine x2  
  73  5:29  Barracks Tech Lab x2  
  73  5:30  SCV  
  73  5:31  SCV  
  73  5:32  SCV  
  74  5:38  Terran Infantry Weapons Level 1, Terran Infantry Armor Level 1  
  74  5:42  SCV  
  74  5:43  SCV  
  74  5:45  Missile Turret  
  74  5:47  Marauder, Marine  
  74  5:49  Marine  
  80  5:51  Marine  
  80  5:55  SCV x2  
  78  6:02  Siege Tank  
  82  6:07  SCV x2  
  82  6:09  Marine x2  
  82  6:10  Stimpack, Marauder  
  86  6:13  Orbital Command  
  86  6:14  Combat Shields  
  86  6:19  SCV x2  
  86  6:22  Supply Depot  
  86  6:24  Supply Depot  
  88  6:31  SCV, Supply Depot  
  88  6:32  Supply Depot  
  88  6:35  Refinery  
  88  6:37  SCV  
  88  6:39  Missile Turret  
  89  6:43  SCV x2  
  89  6:45  Refinery, Marauder  
  93  6:49  SCV  
  93  6:50  Marauder  
  96  6:55  SCV x2  
  98  7:01  SCV, Marine x2  
  98  7:03  Armory, Supply Depot  
  98  7:04  Siege Tank  
  98  7:07  SCV  
  105  7:13  Starport  
  105  7:18  Barracks  
  105  7:19  SCV x2, Barracks  
  105  7:21  Starport  
  105  7:22  SCV  
  108  7:26  Supply Depot  
  108  7:29  Marine x2, Marauder x2  
  114  7:32  SCV  
  114  7:35  Supply Depot  
  114  7:37  Supply Depot, Cyclone  
  118  7:46  Supply Depot  
  118  7:47  Supply Depot  
  118  7:48  Supply Depot  
  118  7:49  Concussive Shells  
  118  7:50  Terran Infantry Weapons Level 2, Marauder x2  
  124  7:52  Terran Infantry Armor Level 2  
  122  8:01  Barracks Reactor  
  122  8:02  Fusion Core  
  122  8:03  Terran Ship Weapons Level 1  
  122  8:11  Marine x2  
  120  8:18  Barracks Reactor x2  
  120  8:19  Supply Depot  
  120  8:20  Barracks Tech Lab  
  120  8:23  Medivac x2  
  124  8:27  SCV  
  124  8:29  Marauder, Marine  
  129  8:36  Medivac  
  129  8:38  Command Center  
  129  8:39  Marauder, Marine  
  133  8:42  Factory Tech Lab, Supply Depot, Liberator x2  
  133  8:43  Marine  
  133  8:47  Marine  
  135  8:51  Marauder  
  137  8:56  Liberator  
  137  8:57  Marine  
  137  8:58  Supply Depot, Barracks x2, Marine x2  
  137  8:59  Barracks  
  137  9:00  Marine x2  
  148  9:03  Advanced Ballistics, Missile Turret  
  148  9:04  Marine  
  149  9:12  Marine  
  149  9:14  Marine  
  154  9:18  Marauder  
  156  9:24  Liberator x2  
  150  9:32  Marauder x2, Marine x2  
  150  9:33  Marine x2  
  158  9:39  Marine  
  158  9:43  Liberator  
  165  9:50  Marine x3  
  165  9:51  Marine x3  
  165  9:52  Marine  
  172  9:53  Marauder  
  172  9:54  Marauder  
  172  9:58  Marauder  
  178  10:00  Command Center  
  181  10:07  Marine x2, Liberator  
  181  10:08  Marine  
  181  10:09  Marine x2  
  185  10:15  Marauder x2  
  185  10:16  Barracks Tech Lab x2  
  185  10:19  Marauder  
  185  10:20  Siege Tank  
  194  10:25  Marine  
  188  10:33  Marine x2  
  188  10:34  Marauder, Marine  
  161  10:36  Marauder x3  
  161  10:40  Marauder, Marine  
  161  10:42  Medivac  
  158  10:47  Liberator  
  161  10:58  Planetary Fortress  
  161  11:00  Marine  
  170  11:07  Terran Infantry Weapons Level 3, Marine  
  170  11:08  Liberator, Marine x2  
  165  11:12  Marauder, Marine  
  165  11:13  Refinery, Marauder  
  165  11:14  Refinery  
  165  11:17  Marauder  
  165  11:20  Marine x2  
  165  11:21  Marauder  
  169  11:26  Marine  
  173  11:33  Marine  
  173  11:34  Marauder, Marine  
  173  11:35  Marauder  
  173  11:38  Marauder  
  177  11:43  Marauder, Marine x2  
  179  11:53  Marine  
  179  11:54  Marauder, Marine  
  181  11:56  Marauder  
  181  11:57  Marine  
  181  12:00  Marine  
  181  12:06  Marine x2  
  181  12:07  Marine  
  175  12:11  Marauder, Marine  
  170  12:18  Marine x2  
  161  12:27  Marauder  
  161  12:29  Marauder, Marine  
  138  12:30  Orbital Command  
  138  12:33  Marine  
  111  12:40  Marine  
  104  12:52  Marine  
  102  12:59  Orbital Command  
  101  13:05  Medivac  
  101  13:08  Medivac  
  105  13:14  Refinery, Medivac  
  105  13:16  Marine  
  105  13:19  Marine x2  
  110  13:21  Marine  
  110  13:22  Marine  
  110  13:24  Marine  
  110  13:26  Marine  
  116  13:34  Marauder  
  116  13:36  Marauder, Marine  
  116  13:37  Marine  
  120  13:42  Marauder  
  122  13:50  Marine x2  
  122  13:54  Marine, Marauder  
  111  13:55  Marine  
  111  14:00  Marine  
  111  14:01  Marine, Marauder  
  99  14:03  Marine  
  99  14:08  Marine x2  
  96  14:12  Marine  
  96  14:13  Marine  
  96  14:15  Marine  
  99  14:18  Marine  
  99  14:19  Marine  
  99  14:21  Marine  
  99  14:22  Marauder  
  104  14:26  Marine x2  
  104  14:30  Marine  
Tags
 
Add a new tag
Caveats
  • Supply blocks, unpowered buildings, or Contaminate may cause inaccurate times.
  • Supply counts are checked every 10 seconds.